 Dungeon Crawl Stone Soup version 0.28.0 (console) character file.

Game seed: 5917801049507156465

824997 ryathie the Blood Saint (level 27, -3/249 HPs)
             Began as a Demonspawn Gladiator on Feb 13, 2022.
             Was the Champion of Makhleb.
             Killed from afar by Cerebov (43 damage)
             ... with a great blast of fire
             ... in Pandemonium.
             The game lasted 04:19:01 (90374 turns).

ryathie the Blood Saint (Demonspawn Gladiator)     Turns: 90374, Time: 04:19:01

Health: -3/249     AC: 45    Str: 30    XL:     27
Magic:  44/44      EV: 20    Int: 24    God:    Makhleb [******]
Gold:   7213       SH:  0    Dex: 27    Spells: 41/46 levels left

rFire   + . .      SeeInvis +   b - +9 triple crossbow (freeze)
rCold   + + .      Faith    .   (shield currently unavailable)
rNeg    + . .      Spirit   .   H - +12 gold dragon scales
rPois   +          Reflect  .   m - +2 helmet of Giegech {rPois Str+3}
rElec   +          Harm     .   (cloak unavailable)
rCorr   .          Rampage  .   j - +0 pair of gloves of the Elven Halls {Str+3 Dex+5}
Will    +++..                   u - +2 pair of boots {Fly}
Stlth   ..........              X - amulet of Anarchy {rF+ rN+ Regen+ Str+4 Int+7}
HPRegen 1.31/turn               f - ring "Sobush" {Ice rElec Will+ Int+2 Dex+4}
MPRegen 0.29/turn               A - ring of see invisible

@: flying, studying 6 skills
A: powered by death 3, spiny 3, augmentation 3, sturdy frame 3, weakness stinger
3, high MP 1, devolution 1
}: 8/15 runes: barnacled, slimy, silver, abyssal, glowing, magical, dark,
gossamer
a: Renounce Religion, Minor Destruction, Lesser Servant of Makhleb, Major
Destruction, Greater Servant of Makhleb


You were in Pandemonium.
You worshipped Makhleb.
Makhleb was exalted by your worship.
You visited 12 branches of the dungeon, and saw 53 of its levels.
You visited Pandemonium 3 times, and saw 11 of its levels.
You visited the Abyss 3 times.
You also visited: Trove, Ice Cave and Wizlab.

You collected 9723 gold pieces.
You spent 2510 gold pieces at shops.

Inventory:

Hand Weapons
 a - a +5 spectral lajatang
 b - a +9 triple crossbow of freezing (weapon)
Missiles
 d - 14 throwing nets
 g - 925 bolts (quivered ammo)
Armour
 j - the +0 pair of gloves of the Elven Halls (worn) {Str+3 Dex+5}
   (Okawaru gifted it to you on level 1 of the Spider Nest)

   Str:       It affects your strength (+3).
   Dex:       It affects your dexterity (+5).
 m - the +2 helmet of Giegech (worn) {rPois Str+3}
   (Okawaru gifted it to you on level 4 of the Lair of Beasts)

   Str:       It affects your strength (+3).
   rPois:     It protects you from poison.
 u - a +2 pair of boots of flying (worn)
 H - +12 gold dragon scales (worn)
Jewellery
 f - the ring "Sobush" (left hand) {Ice rElec Will+ Int+2 Dex+4}
   (You took it off a merfolk on level 4 of the Shoals)

   [ring of ice]

   It enhances your ice magic.
   Int:       It affects your intelligence (+2).
   Dex:       It affects your dexterity (+4).
   rF:        It makes you vulnerable to fire.
   rC:        It protects you from cold.
   rElec:     It insulates you from electricity.
   Will:      It increases your willpower.
 n - the ring "Anuplota" {Wiz Will+ Str+2}
   (You took it off a deep elf sorcerer on level 3 of the Elven Halls)

   [ring of wizardry]

   It improves your spell success rate.
   Str:       It affects your strength (+2).
   Will:      It increases your willpower.
 t - the ring "Dasset" {rElec rPois rCorr}
   (You found it on level 5 of the Pits of Slime)

   [ring of resist corrosion]

   rElec:     It insulates you from electricity.
   rPois:     It protects you from poison.
   rCorr:     It protects you from acid and corrosion.
 y - the ring of Egeacoqu {Will+ Int+6}
   (You acquired it on level 4 of the Lair of Beasts)

   [ring of intelligence]

   Int:       It affects your intelligence (+6).
   Will:      It increases your willpower.
 A - a ring of see invisible (right hand)
 J - the ring "Zyerenea" {Will+ rCorr Int+6 Dex+6 Slay-4}
   (You found it in Pandemonium)

   [ring of dexterity]

   Int:       It affects your intelligence (+6).
   Dex:       It affects your dexterity (+6).
   Slay:      It affects your accuracy & damage with ranged weapons and melee
   (-4).
   rCorr:     It protects you from acid and corrosion.
   Will:      It increases your willpower.
 L - a ring of flight
 X - the amulet of Anarchy (around neck) {rF+ rN+ Regen+ Str+4 Int+7}
   (You found it on level 1 of the Vaults)

   [amulet of regeneration]

   Str:       It affects your strength (+4).
   Int:       It affects your intelligence (+7).
   rF:        It protects you from fire.
   rN:        It protects you from negative energy.
   Regen:     It increases your rate of health regeneration.
Wands
 c - a wand of acid (49)
 z - a wand of digging (22)
 I - a wand of paralysis (35)
 K - a wand of iceblast (23)
 M - a wand of mindburst (28)
 S - a wand of charming (13)
Scrolls
 e - 16 scrolls of teleportation
 v - 9 scrolls of magic mapping
 B - 14 scrolls of amnesia
 C - 4 scrolls of summoning
 E - 2 scrolls of torment
 F - a scroll of enchant weapon
 N - a scroll of silence
 T - 4 scrolls of fear
 Y - 11 scrolls of immolation
 Z - 2 scrolls of blinking
Potions
 k - 7 potions of lignification
 l - 2 potions of mutation
 o - 10 potions of attraction
 p - 2 potions of haste
 q - 15 potions of curing
 s - 4 potions of cancellation
 w - a potion of invisibility
 x - 6 potions of flight
 D - 6 potions of ambrosia
 G - a potion of resistance
 P - 11 potions of brilliance
 Q - a potion of heal wounds
 R - 4 potions of might
 V - 5 potions of magic
 W - 3 potions of berserk rage
Miscellaneous
 h - a condenser vane
 i - a lightning rod (4/4)
 r - a box of beasts
 O - a tin of tremorstones (2/2)
 U - a phantom mirror


   Skills:
 O Level 27 Fighting
 - Level 2.6 Axes
 - Level 14.0 Staves
 - Level 26.0 Crossbows
 - Level 2.0 Throwing
 + Level 20.7 Armour
 - Level 13.0 Dodging
 + Level 10.1 Spellcasting
 - Level 10.0 Translocations
 O Level 27 Invocations
 - Level 4.0 Evocations


You had 41 spell levels left.
You knew the following spells:

 Your Spells              Type           Power      Damage    Failure   Level
a - Portal Projectile     Hex/Tloc       72%        N/A       7%          3
B - Blink                 Tloc           100%       N/A       1%          2

Your spell library contained the following spells:

 Spells                   Type           Power      Damage    Failure   Level
 Gell's Gravitas          Tloc           56%        N/A       1%          3
 Lesser Beckoning         Tloc           56%        N/A       1%          3
 Teleport Other           Tloc           56%        N/A       1%          3
 Passage of Golubria      Tloc           56%        N/A       2%          4
 Manifold Assault         Tloc           56%        N/A       8%          5
 Animate Skeleton         Necr           24%        N/A       17%         1
 Foxfire                  Conj/Fire      48%        2x1d6     17%         1
 Freeze                   Ice            72%        1d9       17%         1
 Magic Dart               Conj           48%        1d5       17%         1
 Pain                     Necr           48%        1d6       17%         1
 Sandblast                Erth           24%        2d8       17%         1
 Slow                     Hex            48%        N/A       17%         1
 Sting                    Tmut/Pois      48%        1d5       17%         1
 Summon Small Mammal      Summ           48%        N/A       17%         1
 Iskenderun's Mystic Bla  Conj/Tloc      36%        2d9       22%         4
 Call Imp                 Summ           12%        N/A       26%         2
 Corpse Rot               Necr/Air       24%        N/A       26%         2
 Ensorcelled Hibernation  Hex/Ice        36%        N/A       26%         2
 Passwall                 Tmut/Erth      10%        N/A       26%         2
 Poisonous Vapours        Pois/Air       24%        N/A       26%         2
 Scorch                   Fire           24%        2d6       26%         2
 Searing Ray              Conj           24%        2d5       26%         2
 Static Discharge         Conj/Air       12%        N/A       26%         2
 Sublimation of Blood     Necr           12%        N/A       26%         2
 Wereblood                Tmut           12%        N/A       26%         2
 Dispersal                Tloc           28%        N/A       41%         6
 Call Canine Familiar     Summ           12%        N/A       45%         3
 Confusing Touch          Hex            12%        N/A       45%         3
 Conjure Flame            Conj/Fire      12%        6-21      45%         3
 Dazzling Flash           Conj/Hex       24%        N/A       45%         3
 Frozen Ramparts          Ice            36%        1d5       45%         3
 Ignite Poison            Fire/Tmut/Pois 12%        N/A       45%         3
 Inner Flame              Hex/Fire       12%        N/A       45%         3
 Mephitic Cloud           Conj/Pois/Air  12%        N/A       45%         3
 Ozocubu's Armour         Ice            18%        N/A       45%         3
 Spider Form              Tmut/Pois      12%        N/A       45%         3
 Stone Arrow              Conj/Erth      24%        3d8       45%         3
 Summon Guardian Golem    Hex/Summ       12%        N/A       45%         3
 Swiftness                Air            12%        N/A       45%         3
 Tukima's Dance           Hex            12%        N/A       45%         3
 Vampiric Draining        Necr           12%        2d6       45%         3
 Summon Forest            Summ/Tloc      18%        N/A       52%         5
 Anguish                  Hex/Necr       6%         N/A       86%         4
 Animate Armour           Summ/Erth      24%        N/A       86%         4
 Animate Dead             Necr           6%         N/A       86%         4
 Cause Fear               Hex            6%         N/A       86%         4
 Dispel Undead            Necr           12%        3d9       86%         4
 Flame Wave               Conj/Fire      12%        2d6       86%         4
 Fulminant Prism          Conj/Hex       6%         3d7       86%         4
 Hailstorm                Conj/Ice       18%        3d6       86%         4
 Ice Form                 Ice/Tmut       18%        N/A       86%         4
 Leda's Liquefaction      Hex/Erth       6%         N/A       86%         4
 Olgreb's Toxic Radiance  Pois           12%        N/A       86%         4
 Petrify                  Tmut/Erth      12%        N/A       86%         4
 Sticky Flame             Conj/Fire      12%        2d4       86%         4
 Summon Ice Beast         Ice/Summ       18%        N/A       86%         4
 Summon Lightning Spire   Summ/Air       12%        N/A       86%         4
 Agony                    Necr           12%        N/A       99%         5
 Alistair's Intoxication  Tmut/Pois      8%         N/A       99%         5
 Blade Hands              Tmut           6%         N/A       99%         5
 Borgnjor's Vile Clutch   Necr/Erth      6%         N/A       99%         5
 Fireball                 Conj/Fire      6%         3d5       99%         5
 Irradiate                Conj/Tmut      6%         3d15      99%         5
 Iskenderun's Battlesphe  Conj           12%        2d7       99%         5
 Lee's Rapid Deconstruct  Erth           6%         3d7*      99%         5
 Lightning Bolt           Conj/Air       6%         1d18      99%         5
 Metabolic Englaciation   Hex/Ice        9%         N/A       99%         5
 Silence                  Hex/Air        6%         N/A       99%         5
 Summon Mana Viper        Hex/Summ       12%        N/A       99%         5
 Yara's Violent Unravell  Hex/Tmut       6%         3d5       99%         5
 Conjure Ball Lightning   Conj/Air       6%         3x3d6     100%        6
 Death Channel            Necr           6%         N/A       100%        6
 Iron Shot                Conj/Erth      6%         9d2       100%        6
 Simulacrum               Ice/Necr       9%         N/A       100%        6
 Starburst                Conj/Fire      6%         6d4       100%        6
 Statue Form              Tmut/Erth      8%         N/A       100%        6
 Summon Cactus Giant      Summ           6%         N/A       100%        6
 Dragon Form              Tmut           6%         N/A       100%        7
 Enfeeble                 Hex            6%         N/A       100%        7
 Haunt                    Necr/Summ      6%         N/A       100%        7
 Malign Gateway           Summ/Tloc      18%        N/A       100%        7
 Orb of Destruction       Conj           6%         9d6       100%        7
 Ozocubu's Refrigeration  Ice            9%         4d6       100%        7
 Spellforged Servitor     Conj/Summ      6%         N/A       100%        7
 Storm Form               Tmut/Air       6%         N/A       100%        7
 Summon Hydra             Summ           6%         N/A       100%        7
 Borgnjor's Revivificati  Necr           6%         N/A       100%        8
 Discord                  Hex            6%         N/A       100%        8
 Disjunction              Tloc           28%        N/A       100%        8
 Ignition                 Fire           6%         3d4       100%        8
 Infestation              Necr           6%         N/A       100%        8
 Maxwell's Capacitive Co  Air            6%         ∞         100%        8
 Fire Storm               Conj/Fire      6%         8d2       100%        9
 Polar Vortex             Ice            9%         N/A       100%        9


Dungeon Overview and Level Annotations

Branches:
Dungeon (15/15)            Temple (0/1) D:7            Lair (6/6) D:10
 Shoals (4/4) Lair:3       Spider (4/4) Lair:2        Slime (5/5) Lair:5
    Orc (2/2) D:12            Elf (3/3) Orc:2        Vaults (5/5) D:13
  Crypt (3/3) Vaults:2       Tomb (0/3) Crypt:3      Depths (4/4) D:15
   Hell (visited)             Dis (0/7) Hell            Geh (0/7) Hell
    Coc (0/7) Hell            Tar (0/7) Hell            Zot (1/5) Depths:4
  IceCv (visited)          WizLab (visited)

Altars:
Ashenzari
Cheibriados
Dithmenos
Kikubaaqudgha
Makhleb
Okawaru
Qazlal
Trog
Vehumet
Wu Jian
Yredelemnul
Jiyva

Shops:
D:5 (=   D:6 (   D:13 *   D:14 (   Orc:1 (   Orc:2 (**=   Vaults:2 *
Depths:1 :=:   Depths:2 !

Portals:
Hell: Depths:1 Depths:2 Depths:3 Depths:4
Abyss: Depths:2 Depths:3
Pandemonium: Depths:2 Depths:4
Ziggurat: Depths:2

Annotations:
D:14 2 transporters, Zatasson's ghost, journeyman GnWn
Lair:1 3 runed translucent doors, Koity's ghost, journeyman GrFi
Pan Cerebov


Innate Abilities, Weirdness & Mutations

You regenerate a lot of health from kills.
You are completely covered in sharp spines.
Your magical and physical power is greatly enhanced at high health.
Your movements are significantly less encumbered by armour. (ER -6)
You have a sharp stinger which inflicts weakening toxins.
You have an increased reservoir of magic. (+10% MP)
You have hidden genetic defects.


Message History

Press: ? - help, Dir - move target A sun demon and an orange demon come into view.
As you read the scroll of blinking, it crumbles to dust.
The sun demon shouts!
The orange demon screeches!
The orange demon completely misses you.
Fire: 929 bolts
Press: ? - help, Q - select action, (/) - cycle Shift-Dir - straight line, f - orange demon
Aim: an orange demon (86% to hit)
You shoot a bolt. The bolt hits the orange demon.
The bolt freezes the orange demon.
The orange demon is lightly wounded.
The orange demon stings you but does no damage.
Fire: 928 bolts
Press: ? - help, Q - select action, (/) - cycle Shift-Dir - straight line, f/p - orange demon
Aim: an orange demon (lightly wounded, 86% to hit)
You shoot a bolt. The bolt hits the orange demon!!!
The bolt freezes the orange demon!
You kill the orange demon!
Makhleb accepts your kill.
You feel better.
Fire: 927 bolts
Press: ? - help, Q - select action, (/) - cycle Shift-Dir - straight line, f - sun demon
Aim: a sun demon (79% to hit)
You shoot a bolt. The bolt hits the sun demon!!!!
The bolt freezes the sun demon!!!
You kill the sun demon!
Makhleb accepts your kill.
You feel better.
Fire: 926 bolts
Press: ? - help, Q - select action, (/) - cycle Shift-Dir - straight line, f - sun demon
Aim: a sun demon (lightly wounded, 79% to hit)
You shoot a bolt. The bolt hits the sun demon!!
The bolt freezes the sun demon.
The sun demon is severely wounded.
The sun demon is struck by your spines.
The sun demon hits you but does no damage.
A sun demon comes into view.
Cerebov gestures at you.
A raging storm of fire appears!
The great blast of fire engulfs you!!! You partially resist.
You die...

#.............#.'....'.....
##...........#####∩..#.....
##.........##...##..#.....
##.......##.....##.#.....
##.....##.......######'#
#####'###.........##.....
#.......#.)......##......
#.......#....3..##.......
#.......@.......#...###'#
#.......#.......#..∩#....
#.....33###.....#...#....
#.......#.#'#...+...+..⌠.
####.((3.#...###.#...#....
#..###&..#.....###...#....
#....#4#.#.......#...###+#
#......######'#####.......
#.....(..#........##...)..


You could see Cerebov (fast), 4 sun demons and an orange demon.

Vanquished Creatures
  the Royal Jelly (Slime:5)
  Gloorx Vloq (Pan)
  Lom Lobon (Pan)
  Mnoleg (Pan)
  2 ancient liches
  2 juggernauts
  2 caustic shrikes (Depths:3)
  Geryon (Hell)
  Saint Roka (Elf:2)
  Nikola (Spider:1)
  5 golden dragons
  A profane servitor (Crypt:3)
  the Enchantress (Depths:2)
  4 bone dragons
  A doom hound (Crypt:3)
  13 tentacled monstrosities
  A Tzitzimitl (Crypt:3)
  4 Brimstone Fiends (Pan)
  An electric golem (WizLab)
  A hellephant (Hell)
  2 quicksilver dragons
  3 Ice Fiends (Pan)
  2 Hell Sentinels (Pan)
  7 liches
  A walking crystal tome (Depths:3)
  Asterion (Vaults:1)
  11 deep elf master archers
  A walking earthen tome (Depths:2)
  13 titans
  Frances (D:12)
  A pandemonium lord (Pan)
  A walking divine tome (Depths:3)
  10 ancient champions
  3 deep elf blademasters
  2 death cobs
  A walking frostbound tome (Depths:3)
  7 sphinxes
  A tentacled starspawn (Abyss:1)
  17 acid blobs
  Agnes (Elf:2)
  28 Executioners (Pan)
  5 storm dragons
  3 revenants
  4 shadow dragons
  Ilsuiw (Shoals:4)
  Roxanne (Spider:1)
  4 draconian monks
  8 azure jellies
  14 tengu reavers
  16 fire giants
  2 draconian knights
  10 rockslimes
  26 frost giants
  5 draconian scorchers
  9 emperor scorpions
  4 iron dragons
  26 vault wardens
  A demonspawn warmonger (Pan)
  3 ghost moths
  3 spectral caustic shrikes (Depths:4)
  4 curse skulls
  8 draconian shifters
  24 cacodemons
  3 deep elf sorcerers (Elf:3)
  26 ironbound preservers
  4 demonspawn corrupters (Pan)
  2 orc warlords
  2 angels (Abyss:3)
  4 ghouls
  11 quicksilver oozes
  14 balrugs
  3 draconian annihilators
  10 ironbound thunderhulks
  5 deep elf elementalists (Elf:3)
  A demonspawn blood saint (Pan)
  14 reapers
  A broodmother (Spider:4)
  5 war gargoyles
  A juggernaut skeleton (Crypt:2)
  A caustic shrike skeleton (Abyss:1)
  The ghost of SushiGirl the Devastator, a journeyman DECj of Vehumet (Elf:3)
  4 draconian stormcallers
  8 spriggan defenders
  29 stone giants
  15 vampire knights
  The ghost of Tacit the Basher, a journeyman GrMo of Gozag (Spider:4)
  12 green draconians
  29 very ugly things
  8 lorocyprocas
  A dire elephant (shapeshifter) (Vaults:5)
  6 deep elf demonologists
  7 black draconians
  9 deep elf annihilators
  9 spark wasps
  2 spectral hellephants (Crypt:3)
  11 entropy weavers
  4 demonspawn black suns (Pan)
  3 white draconians (Zot:1)
  8 yellow draconians
  9 purple draconians
  7 red draconians
  13 dire elephants
  2 spectral elves (Crypt:3)
  A mummy priest (Crypt:3)
  9 green deaths (Pan)
  4 eidola
  Josephine (Lair:4)
  6 blizzard demons
  3 crystal guardians (WizLab)
  6 fire dragons
  9 deep elf death magi
  12 merfolk impalers
  An iron golem (Hell)
  7 merfolk javelineers
  8 ettins
  6 deep elf high priests
  12 jiangshi
  A kraken zombie (Hell)
  A quicksilver dragon zombie (Depths:2)
  15 yaktaur captains
  47 vault guards
  9 rakshasas
  A salamander tyrant (WizLab)
  8 great orbs of eyes
  7 ice dragons
  6 peacekeepers (WizLab)
  5 spriggan skeletons
  9 spriggan air magi
  3 merfolk avatars (Shoals:3)
  14 hydras
  7 boulder beetles
  4 ogre magi
  8 ironbound frosthearts
  2 jorogumos (Spider:1)
  Erica (Orc:1)
  A catoblepas (Lair:6)
  2 death knights (Crypt:1)
  3 merfolk aquamancers
  36 dancing weapons
  A death scarab (Spider:3)
  3 alligator snapping turtles
  3 radroaches
  4 centaur warriors
  16 tengu warriors
  3 satyrs
  7 two-headed ogres
  11 vampire magi
  7 death yaks
  4 hell hogs (Hell)
  11 deep troll earth magi
  11 deep troll shamans
  5 hell knights (Depths:3)
  8 spriggan berserkers
  Urug (Lair:5)
  5 orc high priests
  36 deep elf knights
  17 iron trolls
  21 soul eaters
  A titan skeleton (Pan)
  45 sun demons
  4 pharaoh ants
  31 sixfirhies
  14 shadow wraiths
  3 sun moths
  22 skeletal warriors
  5 wretched stars
  4 shadow demons (Pan)
  8 glowing orange brains
  14 sea snakes
  9 phantasmal warriors
  2 anaconda zombies (Hell)
  7 steelbarb worms
  45 deep trolls
  15 orb spiders
  6 bog bodies
  An iron giant skeleton (Hell)
  4 anaconda skeletons
  6 flayed ghosts
  22 deep elf archers
  10 necromancers
  15 ironbound convokers
  6 lindwurms
  18 wizards
  35 harpies
  3 orc knights (Vaults:5)
  A bunyip skeleton (Pan)
  43 deep elf pyromancers
  A tengu skeleton (Vaults:2)
  26 wolf spiders
  32 deep elf zephyrmancers
  55 ugly things
  3 starcursed masses (Abyss:1)
  A wolf spider (shapeshifter) (Depths:3)
  6 orc sorcerers
  2 draconians (Abyss:3)
  A shadow dragon skeleton (Crypt:3)
  3 shining eyes
  22 fauns
  A worldbinder (Abyss:3)
  A cyclops (D:11)
  27 vault sentinels
  15 manticores
  8 moths of wrath
  5 salamanders (WizLab)
  A naga zombie (Hell)
  10 water nymphs
  8 rust devils
  4 torpor snails
  3 fire giant skeletons
  19 elephants (Lair:6)
  2 eyes of devastation
  3 stone giant skeletons
  14 merfolk sirens
  A water nymph (shapeshifter) (Depths:2)
  Maurice (D:8)
  4 molten gargoyles (WizLab)
  9 black mambas
  2 ice statues
  26 orange demons
  34 smoke demons (Pan)
  8 gargoyles
  Psyche (D:11)
  3 unseen horrors
  14 cane toads
  A red draconian zombie (Crypt:1)
  A kobold demonologist (D:11)
  An elf skeleton (Vaults:2)
  A sea snake zombie (Hell)
  An elephant slug zombie (Crypt:2)
  18 demonic crawlers
  A swamp worm zombie (Crypt:2)
  4 dire elephant skeletons
  A hellion (Pan)
  5 komodo dragons
  A steelbarb worm zombie (Crypt:3)
  28 yaktaurs
  A tormentor (Pan)
  3 efreet
  2 ice devils
  7 freezing wraiths
  3 rime drakes
  2 alligator snapping turtle skeletons (Pan)
  A bunyip simulacrum (Hell)
  4 tengu conjurers
  5 anaconda simulacra (IceCv)
  30 hellwings (Pan)
  2 red draconian skeletons
  A spark wasp simulacrum (Depths:2)
  An entropy weaver simulacrum (IceCv)
  An ancient zyme (Abyss:3)
  7 guardian mummies (Crypt:3)
  2 red devils
  3 yaktaur skeletons (Vaults:2)
  4 polar bears (Lair:6)
  30 merfolk
  6 trolls
  17 hornets
  23 tarantellas
  5 wind drakes
  9 meliai
  A hydra skeleton (Hell)
  3 harpy skeletons (Pan)
  9 snapping turtles
  A raiju (Abyss:3)
  A slime creature (shapeshifter) (Vaults:1)
  9 blink frogs
  A meliai zombie (D:10)
  65 slime creatures
  2 shadows (D:13)
  5 air elementals
  26 jumping spiders
  7 spriggans
  22 culicivoras
  25 ynoxinuls
  A wyvern (Lair:3)
  2 ettin skeletons (Vaults:2)
  17 water elementals
  53 yaks
  A dire elephant simulacrum (IceCv)
  6 vampires
  16 wraiths
  7 fire elementals
  20 neqoxecs
  2 basilisks (D:14)
  18 humans (D:13)
  9 golden eyes
  20 chaos spawn
  Grum (D:10)
  80 redbacks
  2 deep troll zombies
  34 large abominations
  A death yak simulacrum (IceCv)
  2 steam dragons
  A demonspawn zombie (Crypt:2)
  A harpy simulacrum (IceCv)
  9 wargs
  An acid dragon (D:9)
  A faun skeleton (Crypt:3)
  3 floating eyes
  15 water moccasins
  2 naga skeletons (Pan)
  3 ice beasts
  A sky beast (D:5)
  2 hornet zombies
  40 orc warriors
  2 necrophages
  6 ogres
  An alligator simulacrum (Hell)
  13 wolves
  4 boggarts (Vaults:2)
  9 centaurs
  An elephant skeleton (Crypt:3)
  2 hog skeletons
  A kobold brigand (D:8)
  8 human skeletons (Vaults:2)
  13 bullfrogs
  2 two-headed ogre simulacra (IceCv)
  9 earth elementals
  5 cane toad simulacra
  8 scorpions
  4 elephant simulacra (IceCv)
  5 killer bees (D:9)
  13 wights
  5 howler monkeys
  5 electric eels
  2 centaur zombies
  A bullfrog skeleton (D:6)
  4 jellies
  3 hounds
  23 orc priests
  3 centaur skeletons
  7 hell rats (Hell)
  2 iguanas (D:4)
  33 orc wizards
  A scorpion zombie (Crypt:3)
  Terence (D:2)
  2 lightning spires (WizLab)
  6 spriggan simulacra
  4 troll simulacra (IceCv)
  A polar bear simulacrum (IceCv)
  A wolf simulacrum (IceCv)
  A hound skeleton (D:5)
  A mummy (Crypt:3)
  A howler monkey zombie (D:9)
  A gnoll (D:3)
  2 howler monkey skeletons (D:4)
  10 naga simulacra (IceCv)
  6 adders
  6 white imps
  8 ufetubi
  4 worms
  A barachi skeleton (Crypt:3)
  2 dart slugs
  88 orcs
  A bat skeleton (Crypt:2)
  6 endoplasms
  4 giant cockroaches
  6 goblins
  2 hobgoblins
  5 quokkas
  3 training dummies (D:5)
  8 ball pythons
  7 bats
  2 frilled lizards
  A giant cockroach zombie (Crypt:3)
  A hobgoblin skeleton (Crypt:1)
  13 kobolds
  A kobold skeleton (Crypt:2)
  3 rats
  2 ball lightnings (Pan)
  A bush (Abyss:1)
  A creeping inferno (Hell)
  A fire vortex (Hell)
  2 lurking horrors (Abyss:3)
  3 tentacles (Hell)
3063 creatures vanquished.

Vanquished Creatures (collateral kills)
  3 acid blobs (Slime:5)
  2 quicksilver oozes (Slime:5)
5 creatures vanquished.

Vanquished Creatures (others)
  An eldritch tentacle (Pan)
  A frost giant (Depths:3)
  A draconian knight (Zot:1)
  A fire giant (Depths:3)
  A pharaoh ant (Spider:4)
  2 deep elf knights
  A bog body (IceCv)
  A wizard (Pan)
  A deep elf zephyrmancer (Elf:1)
  A water nymph (Shoals:4)
  A molten gargoyle (WizLab)
  A neqoxec (Pan)
  19 ball lightnings (Pan)
  A bush (Lair:6)
  35 fungi
  51 plants
  2 starspawn tentacles (Pan)
  A tentacle (Hell)
122 creatures vanquished.

Grand Total: 3190 creatures vanquished

Notes
Turn   | Place    | Note
-------+----------+-------------------------------------------
     0 | D:1      | ryathie the Demonspawn Gladiator began the quest for the
                  | Orb.
     0 | D:1      | Reached XP level 1. HP: 16/16 MP: 1/1
   492 | D:1      | Gained mutation: You regenerate a little health from kills.
                  | [demonic ancestry]
   492 | D:1      | Reached XP level 2. HP: 23/23 MP: 2/2
   528 | D:2      | Found a faded altar of an unknown god.
   582 | D:2      | Noticed Terence
   610 | D:2      | Killed Terence
   611 | D:2      | Gained mutation: Your movements are slightly less
                  | encumbered by armour. (ER -2) [demonic ancestry]
   611 | D:2      | Reached XP level 3. HP: 24/29 MP: 3/3
  1236 | D:2      | Reached XP level 4. HP: 33/37 MP: 4/4
  1278 | D:2      | Reached skill level 1 in Evocations
  1883 | D:3      | Found a basalt altar of Yredelemnul.
  1919 | D:3      | Noticed a water moccasin
  1941 | D:3      | Killed a water moccasin
  1942 | D:3      | Reached skill level 5 in Fighting
  1942 | D:3      | Gained mutation: You regenerate health from kills. [demonic
                  | ancestry]
  1942 | D:3      | Reached XP level 5. HP: 28/44 MP: 5/5
  2485 | D:3      | Found an iron altar of Okawaru.
  2486 | D:3      | Found a bloodstained altar of Trog.
  2500 | D:3      | Became a worshipper of Warmaster Okawaru
  2707 | D:4      | Gained mutation: Your movements are less encumbered by
                  | armour. (ER -4) [demonic ancestry]
  2707 | D:4      | Reached XP level 6. HP: 51/51 MP: 6/6
  2774 | D:4      | Noticed a yak
  2774 | D:4      | Noticed a yak
  2774 | D:4      | Noticed a yak
  4170 | D:4      | Found a burning altar of Makhleb.
  4292 | D:3      | Killed a yak
  4293 | D:3      | Reached skill level 1 in Armour
  4293 | D:3      | Reached XP level 7. HP: 45/59 MP: 7/7
  4394 | D:3      | Killed a yak
  4394 | D:3      | Reached * piety under Okawaru
  4419 | D:5      | Entered Level 5 of the Dungeon
  4800 | D:5      | Reached skill level 1 in Invocations
  4933 | D:5      | Found Akliyrcho's Firing Range.
  4942 | D:5      | Bought a +0 arbalest for 54 gold pieces
  5043 | D:5      | Found Jepygg's One-of-a-Kind Rings.
  5151 | D:5      | Gained mutation: You have a small tail. [demonic ancestry]
  5151 | D:5      | Reached XP level 8. HP: 67/67 MP: 9/9
  5363 | D:6      | Reached skill level 1 in Crossbows
  5476 | D:6      | Found a snail-covered altar of Cheibriados.
  5858 | D:6      | Found Ohimou's Weapon Boutique.
  6570 | D:7      | Reached ** piety under Okawaru
  6826 | D:7      | Found a staircase to the Ecumenical Temple.
  7074 | D:8      | Noticed a hornet
  7178 | D:8      | Reached XP level 9. HP: 55/72 MP: 11/11
  7326 | D:8      | Reached skill level 5 in Crossbows
  7485 | D:8      | Reached skill level 5 in Armour
  7542 | D:8      | Noticed Maurice
  7779 | D:8      | Reached *** piety under Okawaru
  8137 | D:8      | Killed Maurice
  8259 | D:7      | Received a gift from Okawaru
  8335 | D:8      | Gained mutation: You regenerate a lot of health from kills.
                  | [demonic ancestry]
  8335 | D:8      | Reached XP level 10. HP: 71/83 MP: 12/12
  8617 | D:9      | Received a gift from Okawaru
  8633 | D:9      | Found a radiant altar of Vehumet.
  8685 | D:9      | Noticed an orc sorcerer
  8809 | D:9      | Killed an orc sorcerer
  8809 | D:9      | Reached **** piety under Okawaru
  9109 | D:9      | Found an ornate altar of the Wu Jian Council.
  9585 | D:10     | Entered Level 10 of the Dungeon
  9772 | D:10     | Received a gift from Okawaru
  9773 | D:10     | Reached skill level 10 in Crossbows
  9852 | D:10     | Found a staircase to the Lair.
 10107 | D:10     | Noticed a gargoyle
 10247 | D:10     | Found a stormy altar of Qazlal.
 10259 | D:10     | Noticed Grum
 10359 | D:10     | Killed Grum
 10960 | D:11     | Noticed a manticore
 10970 | D:11     | Killed a manticore
 11128 | D:11     | Noticed a two-headed ogre
 11129 | D:11     | Noticed a two-headed ogre
 11141 | D:11     | Killed a two-headed ogre
 11141 | D:11     | Received a gift from Okawaru
 11142 | D:11     | Reached XP level 11. HP: 78/89 MP: 11/13
 11147 | D:11     | Killed a two-headed ogre
 11151 | D:11     | Reached ***** piety under Okawaru
 11441 | Lair:1   | Entered Level 1 of the Lair of Beasts
 11478 | Lair:1   | Received a gift from Okawaru
 11515 | Lair:1   | Found a runed translucent gate.
 11517 | Lair:1   | Found a runed translucent gate.
 11517 | Lair:1   | Found a runed translucent gate.
 11528 | Lair:1   | Reached skill level 10 in Fighting
 11545 | Lair:1   | Noticed a six-headed hydra
 11558 | Lair:1   | Killed a six-headed hydra
 11558 | Lair:1   | Received a gift from Okawaru
 11637 | Lair:1   | Noticed a seven-headed hydra
 11641 | Lair:1   | Killed a seven-headed hydra
 11768 | Lair:1   | Noticed a minotaur
 11768 | Lair:1   | Noticed Koity's ghost (journeyman GrFi)
 11795 | Lair:1   | Noticed a six-headed hydra
 11882 | Lair:1   | Received a gift from Okawaru
 11893 | Lair:1   | Killed a six-headed hydra
 12093 | Lair:1   | Received a gift from Okawaru
 12635 | Lair:2   | Received a gift from Okawaru
 12816 | Lair:2   | Noticed a death yak
 12816 | Lair:2   | Noticed a death yak
 12816 | Lair:2   | Noticed a death yak
 12837 | Lair:1   | Killed a death yak
 12837 | Lair:1   | Received a gift from Okawaru
 12838 | Lair:1   | Gained mutation: You have a tail ending in a sharp stinger.
                  | [demonic ancestry]
 12838 | Lair:1   | Reached XP level 12. HP: 76/97 MP: 12/15
 12981 | Lair:2   | Killed a death yak
 13016 | Lair:1   | Reached skill level 5 in Invocations
 13119 | Lair:1   | Killed a death yak
 13413 | Lair:2   | Found a hole to the Spider Nest.
 14386 | Lair:3   | Noticed a five-headed hydra
 14396 | Lair:3   | Killed a five-headed hydra
 14489 | Lair:3   | Noticed a four-headed hydra
 14501 | Lair:3   | Reached skill level 15 in Crossbows
 14504 | Lair:3   | Killed a four-headed hydra
 14651 | Lair:3   | Noticed an eight-headed hydra
 14658 | Lair:3   | Killed an eight-headed hydra
 14675 | Lair:3   | Found a staircase to the Shoals.
 15201 | Lair:3   | Received a gift from Okawaru
 15227 | Lair:4   | Noticed Josephine
 15271 | Lair:4   | Killed Josephine
 15271 | Lair:4   | Received a gift from Okawaru
 15669 | Lair:4   | Identified the +2 helmet of Giegech {rPois Str+3} (Okawaru
                  | gifted it to you on level 4 of the Lair of Beasts)
 15669 | Lair:4   | Received a gift from Okawaru
 16050 | Lair:4   | Identified 3 scrolls of acquirement
 16050 | Lair:4   | Acquired a manual of Armour
 16052 | Lair:4   | Acquired the ring of Egeacoqu {Will+ Int+6}
 16054 | Lair:4   | Acquired 714 gold pieces
 16063 | Lair:5   | Noticed Urug
 16068 | Lair:5   | Killed Urug
 16070 | Lair:5   | Reached XP level 13. HP: 76/103 MP: 16/19
 16414 | Lair:5   | Found a staircase to the Slime Pits.
 16414 | Lair:5   | Found a viscous altar of Jiyva.
 16978 | Lair:6   | Entered Level 6 of the Lair of Beasts
 17081 | Lair:6   | Reached ****** piety under Okawaru
 17090 | Lair:6   | Identified the +0 buckler of Yschoton {Dex+4} (Okawaru
                  | gifted it to you on level 6 of the Lair of Beasts)
 17090 | Lair:6   | Received a gift from Okawaru
 17160 | Lair:6   | Found a frozen archway.
 17174 | IceCv    | Entered an ice cave
 18645 | IceCv    | Got Sif Muna's Incunabulum of Ice
 19350 | Lair:6   | Reached skill level 10 in Armour
 19350 | Lair:6   | Gained mutation: You are partially covered in sharp spines.
                  | [demonic ancestry]
 19350 | Lair:6   | Reached XP level 14. HP: 110/110 MP: 17/20
 19370 | Lair:6   | Received a gift from Okawaru
 19724 | Lair:6   | Found a broken altar of Ashenzari.
 19853 | Lair:6   | Received a gift from Okawaru
 20259 | Lair:6   | Received a gift from Okawaru
 20746 | D:11     | Noticed Psyche
 20750 | D:11     | Killed Psyche
 21225 | D:11     | Identified the +2 war axe of Popular Demand {antimagic,
                  | rC++ Int+3 Stlth-}
 21684 | D:12     | Found a staircase to the Orcish Mines.
 21862 | D:12     | Noticed Frances
 21874 | D:12     | Killed Frances
 22011 | D:12     | Found a large runed translucent door.
 22011 | D:12     | Found a large runed translucent door.
 22451 | D:12     | Paralysed by an air elemental for 1 turns
 22456 | D:12     | Paralysed by an air elemental for 1 turns
 22459 | D:12     | Received a gift from Okawaru
 22605 | Orc:1    | Entered Level 1 of the Orcish Mines
 22617 | Orc:1    | Reached skill level 10 in Invocations
 22769 | Orc:2    | Entered Level 2 of the Orcish Mines
 22769 | Orc:2    | Found a staircase to the Elven Halls.
 22903 | Orc:2    | Noticed an orc warlord
 22957 | Orc:1    | Killed an orc warlord
 23278 | Orc:2    | Received a gift from Okawaru
 23397 | Orc:2    | Identified the +1 cloak of the Big Bang {rElec rF+ Str-2}
                  | (Okawaru gifted it to you on level 2 of the Orcish Mines)
 23397 | Orc:2    | Received a gift from Okawaru
 23586 | Orc:2    | Found Mohixunn's General Store.
 23588 | Orc:2    | Found Kongoc's Antique Weapon Shoppe.
 23589 | Orc:2    | Found Daneng's General Store.
 23679 | Orc:2    | Found Duxum's Jewellery Emporium.
 23690 | Orc:2    | Bought a scroll of fear for 56 gold pieces
 24107 | Orc:1    | Noticed Erica
 24111 | Orc:1    | Killed Erica
 24146 | Orc:1    | Found Qeraceanosef's Weapon Emporium.
 24438 | Orc:2    | Bought a scroll of acquirement for 572 gold pieces
 24438 | Orc:2    | Acquired 876 gold pieces
 24551 | D:13     | Found Elirol's General Store.
 24559 | D:13     | Bought 15 bolts for 39 gold pieces
 25068 | D:13     | Gained mutation: Your magical and physical power is
                  | slightly enhanced at high health. [demonic ancestry]
 25068 | D:13     | Reached XP level 15. HP: 120/120 MP: 23/23
 25837 | D:13     | Found a gate to the Vaults.
 26060 | D:14     | Received a gift from Okawaru
 26252 | D:14     | Found a transporter.
 26259 | D:14     | Noticed Zatasson's ghost (journeyman GnWn)
 26275 | D:14     | Found a transporter.
 26308 | D:14     | Received a gift from Okawaru
 26692 | D:14     | Found Xeedargh's Antique Weapon Emporium.
 27015 | D:14     | Found a portal to a secret trove of treasure.
 27162 | D:15     | Entered Level 15 of the Dungeon
 27608 | D:15     | Found a staircase to the Depths.
 27640 | D:15     | Received a gift from Okawaru
 27952 | D:15     | Found a shadowy altar of Dithmenos.
 28612 | D:5      | Bought 23 bolts for 55 gold pieces
 28762 | Spider:1 | Entered Level 1 of the Spider Nest
 29030 | Spider:1 | Reached skill level 5 in Dodging
 29264 | Spider:1 | Identified the +0 pair of gloves of the Elven Halls {Str+3
                  | Dex+5} (Okawaru gifted it to you on level 1 of the Spider
                  | Nest)
 29264 | Spider:1 | Received a gift from Okawaru
 29308 | Spider:1 | Noticed an emperor scorpion
 29353 | Spider:1 | Killed an emperor scorpion
 29445 | Spider:1 | Identified Roxanne's Almanac of Changing
 29445 | Spider:1 | Noticed Roxanne
 29460 | Spider:1 | Reached XP level 16. HP: 134/134 MP: 25/25
 29946 | Spider:1 | Reached skill level 15 in Fighting
 30201 | Spider:1 | Identified the +1 ring mail "Xyan" {Rampage Dex+4} (Okawaru
                  | gifted it to you on level 1 of the Spider Nest)
 30201 | Spider:1 | Received a gift from Okawaru
 30883 | Spider:1 | Killed Roxanne
 31066 | Spider:2 | Noticed Nikola
 31437 | Shoals:1 | Entered Level 1 of the Shoals
 32457 | Shoals:2 | Identified the +2 animal skin of the Thirsty Orbs {+Inv
                  | rPois Stlth-} (Okawaru gifted it to you on level 2 of the
                  | Shoals)
 32457 | Shoals:2 | Received a gift from Okawaru
 33046 | Shoals:2 | Reached skill level 10 in Dodging
 33298 | Shoals:3 | Reached XP level 17. HP: 129/144 MP: 27/27
 33384 | Shoals:3 | Found a runed translucent door.
 33788 | Shoals:3 | Received a gift from Okawaru
 34133 | Shoals:3 | Received a gift from Okawaru
 34233 | Shoals:4 | Entered Level 4 of the Shoals
 35678 | Shoals:4 | Noticed Ilsuiw
 35682 | Shoals:4 | Cast into level 3 of the Abyss (merfolk impaler)
 35862 | Abyss:3  | Found a transporter.
 35966 | Abyss:3  | Found a transporter.
 36045 | Abyss:3  | Noticed an ancient lich
 36057 | Abyss:3  | Killed an ancient lich
 36081 | Abyss:3  | Found a transporter.
 36085 | Abyss:3  | Found a transporter.
 36087 | Abyss:3  | Reached XP level 18. HP: 160/160 MP: 5/28
 36087 | Abyss:3  | Gained mutation: You are mostly covered in sharp spines.
                  | [demonic ancestry]
 36087 | Abyss:3  | Reached XP level 19. HP: 167/167 MP: 5/29
 36087 | Abyss:3  | Got an abyssal rune of Zot
 36201 | Shoals:4 | Escaped the Abyss
 36214 | Arena    | Entered the Arena
 36256 | Arena    | Entered the Arena
 36273 | Shoals:4 | HP: 4/167 [water nymph/the raging water (29)]
 36728 | Shoals:4 | Got a barnacled rune of Zot
 37060 | Shoals:4 | Identified the ring "Sobush" {Ice rElec Will+ Int+2 Dex+4}
 37069 | Shoals:4 | Received a gift from Okawaru
 37466 | Shoals:4 | Received a gift from Okawaru
 37573 | Shoals:4 | Killed Ilsuiw
 38207 | Spider:1 | Received a gift from Okawaru
 38374 | Spider:1 | Killed Nikola
 38567 | Spider:2 | Received a gift from Okawaru
 38651 | Spider:2 | Received a gift from Okawaru
 38958 | Spider:2 | Received a gift from Okawaru
 39434 | Spider:2 | Reached skill level 1 in Spellcasting
 39434 | Spider:2 | Gained mutation: Your magical and physical power is
                  | enhanced at high health. [demonic ancestry]
 39434 | Spider:2 | Reached XP level 20. HP: 180/180 MP: 30/30
 39532 | Spider:3 | Received a gift from Okawaru
 39721 | Spider:3 | Identified the +8 rapier of a Million Ziggurats {venom,
                  | rC+}
 40552 | Spider:4 | Entered Level 4 of the Spider Nest
 40916 | Spider:4 | Received a gift from Okawaru
 41085 | Spider:4 | Found a runed translucent door.
 41092 | Spider:4 | Noticed Tacit's ghost (journeyman GrMo)
 41253 | Spider:4 | Reached skill level 5 in Spellcasting
 41307 | Spider:4 | Received a gift from Okawaru
 41615 | Spider:4 | Identified the +1 hat of Botsabuh {rElec rF+ rC+ Int-3}
                  | (Okawaru gifted it to you on level 4 of the Spider Nest)
 41615 | Spider:4 | Received a gift from Okawaru
 41910 | Spider:4 | Got a gossamer rune of Zot
 42030 | Spider:4 | Killed Tacit's ghost
 42237 | Vaults:1 | Entered Level 1 of the Vaults
 42906 | Vaults:1 | Noticed Asterion
 43184 | Vaults:1 | Reached skill level 15 in Armour
 43465 | Vaults:1 | Killed Asterion
 43465 | Vaults:1 | Identified the +2 cloak of Conscience {Int+6} (Okawaru
                  | gifted it to you on level 1 of the Vaults)
 43465 | Vaults:1 | Received a gift from Okawaru
 43658 | Vaults:1 | Found a transporter.
 43700 | Vaults:1 | Found a transporter.
 44495 | Vaults:2 | Found a magical portal.
 44504 | WizLab   | Entered Maxwell's Workshop
 44714 | WizLab   | Identified the ring of Ekoim {Fire rN+ Str+5 Int-4}
 44717 | WizLab   | Identified the ring "Taunaf" {Fire rN+ Str-2 Int+3 SInv
                  | Stlth+}
 44904 | WizLab   | Reached XP level 21. HP: 186/186 MP: 31/31
 45526 | WizLab   | Identified the ring "Rodear" {Ice Will+ Dex+3}
 45643 | WizLab   | Identified the +1 plate armour of the Salamander {rC+
                  | Int+3}
 45758 | Vaults:2 | Received a gift from Okawaru
 45824 | Vaults:2 | Found Viabih's General Store.
 46523 | Vaults:2 | Received a gift from Okawaru
 46867 | Vaults:2 | Found a staircase to the Crypt.
 47627 | Vaults:3 | Identified the +2 pair of boots of Restlessness {-Cast rF++
                  | rCorr Dex+4} (Okawaru gifted it to you on level 3 of the
                  | Vaults)
 47627 | Vaults:3 | Received a gift from Okawaru
 48436 | Vaults:3 | Reached skill level 10 in Spellcasting
 49385 | Vaults:4 | Reached XP level 22. HP: 93/187 MP: 36/36
 49962 | Vaults:4 | Received a gift from Okawaru
 51346 | Depths:1 | Entered Level 1 of the Depths
 51381 | Depths:1 | Received a gift from Okawaru
 51453 | Depths:1 | Found an ornate altar of the Wu Jian Council.
 51650 | Depths:1 | Received a gift from Okawaru
 51666 | Depths:1 | Found a gateway to Hell.
 51831 | Depths:1 | Identified the +2 chain mail of Submission {Str+2 Dex+3}
                  | (Okawaru gifted it to you on level 1 of the Depths)
 51831 | Depths:1 | Received a gift from Okawaru
 52451 | Depths:1 | Found Fuegep's Book Emporium.
 52452 | Depths:1 | Found Dauppuxi's Jewellery Boutique.
 52453 | Depths:1 | Found Bisch's Book Emporium.
 52824 | Depths:2 | Found a one-way gateway to a ziggurat.
 52872 | Depths:2 | Found a one-way gate to the infinite horrors of the Abyss.
 53347 | Depths:2 | You fall into a shaft and drop 1 floor!
 53705 | Depths:3 | Noticed a caustic shrike
 53715 | Depths:3 | Killed a caustic shrike
 53730 | Depths:3 | Noticed a golden dragon
 53733 | Depths:3 | Gained mutation: You have a sharp stinger which inflicts
                  | weakening toxins. [demonic ancestry]
 53733 | Depths:3 | Reached XP level 23. HP: 82/200 MP: 37/37
 53861 | Depths:3 | Received a gift from Okawaru
 54410 | Depths:3 | Identified the +6 falchion of Accidental Termination
                  | {spect, Dex+4}
 54493 | Depths:3 | Received a gift from Okawaru
 54502 | Depths:3 | Identified the +0 robe of Irarinnu {Fly Int+2 Dex+2}
 54563 | Depths:3 | Identified the +2 plate armour of True Grit {rPois}
 54700 | Depths:3 | Received a gift from Okawaru
 54846 | Depths:3 | Noticed a caustic shrike
 54851 | Depths:3 | Killed a caustic shrike
 54925 | Depths:3 | Found a stormy altar of Qazlal.
 54925 | Depths:3 | Noticed a juggernaut
 54939 | Depths:3 | Killed a juggernaut
 55103 | Depths:2 | Received a gift from Okawaru
 55159 | Depths:2 | Found Zevvulo's Distillery.
 55167 | Depths:2 | Bought a potion of cancellation for 168 gold pieces
 55167 | Depths:2 | Bought a potion of curing for 63 gold pieces
 55167 | Depths:2 | Bought a potion of curing for 63 gold pieces
 55167 | Depths:2 | Bought a potion of magic for 168 gold pieces
 55462 | Depths:2 | Received a gift from Okawaru
 55658 | Depths:2 | Noticed a juggernaut
 55817 | Depths:2 | Found a one-way gate leading to the halls of Pandemonium.
 56045 | Depths:2 | Killed a juggernaut
 56257 | Depths:2 | Got Ixez's Volume of Flamy Venom
 56523 | Depths:2 | Noticed the Enchantress
 56546 | Depths:2 | Killed the Enchantress
 56674 | Depths:2 | Received a gift from Okawaru
 57093 | Depths:3 | Received a gift from Okawaru
 57499 | Depths:4 | Entered Level 4 of the Depths
 57806 | Depths:4 | Reached XP level 24. HP: 181/200 MP: 37/37
 58600 | Depths:4 | Found a gate to the Realm of Zot.
 58659 | Depths:4 | Received a gift from Okawaru
 59159 | Depths:4 | Found a bloodstained altar of Trog.
 59694 | Zot:1    | Entered Level 1 of the Realm of Zot
 60630 | Zot:1    | Received a gift from Okawaru
 61427 | Zot:1    | Received a gift from Okawaru
 62415 | Vaults:5 | Entered Level 5 of the Vaults
 62552 | Vaults:5 | Found the +7 mace of Variability {chain chaos}
 62573 | Vaults:5 | Found the ring of the Octopus King {MP+9 AC+1 EV+1 Str+1
                  | Int+1 Dex+1}
 62785 | Vaults:5 | Gained mutation: Your movements are significantly less
                  | encumbered by armour. (ER -6) [demonic ancestry]
 62785 | Vaults:5 | Reached XP level 25. HP: 221/221 MP: 37/37
 63167 | Vaults:5 | Identified the +1 robe of Delicate Satisfaction {Harm rElec
                  | rC- Int-2} (Okawaru gifted it to you on level 5 of the
                  | Vaults)
 63167 | Vaults:5 | Received a gift from Okawaru
 63484 | Vaults:5 | Got a silver rune of Zot
 63853 | Vaults:5 | Identified the +9 quarterstaff "Usuwuor" {speed, Fly rPois
                  | rF+ Int+3}
 64145 | Vaults:5 | Identified the +10 war axe "Ekosa" {vorpal, rC+}
 64148 | Vaults:5 | Noticed an ancient lich
 64162 | Vaults:5 | Killed an ancient lich
 64640 | Vaults:1 | Received a gift from Okawaru
 64707 | Vaults:1 | Identified the amulet of Knowledge {Faith rC+ MP+9 Str+3}
 64722 | Vaults:1 | Acquired 578 gold pieces
 64728 | Vaults:1 | Identified the ring of the Turtledove {rPois rF+ rCorr
                  | Str-4 Int+5}
 64742 | Vaults:1 | Identified the amulet of Anarchy {rF+ rN+ Regen+ Str+4
                  | Int+7}
 64915 | Trove    | Entered a treasure trove
 64961 | Trove    | Got Sif Muna's Volume of Combat Magic
 64974 | Trove    | Got Juriacs's Incunabulum of Execration
 64977 | Trove    | Got Sif Muna's Disquisition on Conjuration
 65240 | D:4      | Fell from the grace of Okawaru
 65240 | D:4      | Became a worshipper of Makhleb the Destroyer
 65566 | Slime:1  | Entered Level 1 of the Pits of Slime
 65634 | Slime:2  | Gained mutation: You sometimes lose the ability to read
                  | scrolls when taking damage. [a shining eye]
 65858 | Slime:1  | Lost mutation: You sometimes lose the ability to read
                  | scrolls when taking damage. [potion of mutation]
 65858 | Slime:1  | Gained mutation: You are dopey. (Int -2) [potion of
                  | mutation]
 65932 | Slime:3  | Reached skill level 15 in Invocations
 66167 | Slime:4  | Gained mutation: You have hidden genetic defects. [a
                  | shining eye]
 66177 | Slime:3  | Reached * piety under Makhleb
 66294 | Slime:5  | Entered Level 5 of the Pits of Slime
 67455 | Slime:5  | Reached ** piety under Makhleb
 67463 | Slime:5  | Noticed the Royal Jelly
 67514 | Slime:5  | Found a viscous altar of Jiyva.
 69221 | Slime:5  | Killed the Royal Jelly
 69232 | Slime:5  | Gained mutation: You are weak. (Str -2) [hidden defects]
 69269 | Slime:5  | Got a slimy rune of Zot
 69315 | Slime:5  | Got the Collected Works on Malediction
 69333 | Slime:5  | Identified the ring "Dasset" {rElec rPois rCorr}
 69338 | Slime:5  | Got the Collected Works on Ensnaring Stones
 69344 | Slime:5  | Got the Disquisition on the Unholy Arsonist
 69765 | Slime:5  | Identified the +0 pair of gloves "Elelus" {Contam +Inv
                  | rElec Will+++}
 70845 | Hell     | Entered the Vestibule of Hell
 70846 | Hell     | Noticed Geryon
 70871 | Hell     | Gained mutation: Your magical and physical power is greatly
                  | enhanced at high health. [demonic ancestry]
 70871 | Hell     | Reached XP level 26. HP: 231/231 MP: 37/37
 70908 | Hell     | Killed Geryon
 71128 | Hell     | Reached skill level 1 in Staves
 71129 | Hell     | Found a gateway to the freezing wastes of Cocytus.
 71291 | Hell     | Found a gateway to the ashen valley of Gehenna.
 71504 | Hell     | Reached *** piety under Makhleb
 71518 | Hell     | Gained mutation: You are frail. (-10% HP) [hidden defects]
 71518 | Hell     | Lost mutation: You have hidden genetic defects. [hidden
                  | defects expressed]
 71550 | Hell     | Found a gateway to the decaying netherworld of Tartarus.
 71916 | Hell     | Reached skill level 5 in Staves
 71942 | Hell     | Found a gateway to the Iron City of Dis.
 72212 | Hell     | Lost mutation: You are dopey. (Int -2) [potion of mutation]
 72212 | Hell     | Lost mutation: You are weak. (Str -2) [potion of mutation]
 72212 | Hell     | Gained mutation: You are weak. (Str -2) [potion of
                  | mutation]
 72212 | Hell     | Gained mutation: You have an increased reservoir of magic.
                  | (+10% MP) [potion of mutation]
 72213 | Hell     | Lost mutation: You are weak. (Str -2) [potion of mutation]
 72213 | Hell     | Lost mutation: You are frail. (-10% HP) [potion of
                  | mutation]
 72213 | Hell     | Gained mutation: You passively dampen the noise of your
                  | surroundings. [potion of mutation]
 72319 | Depths:2 | Bought a potion of mutation for 168 gold pieces
 72319 | Depths:2 | Bought a potion of mutation for 168 gold pieces
 72395 | Depths:1 | Bought a book of Spatial Translocations for 546 gold pieces
 72399 | Depths:1 | Bought a book of the Hunter for 390 gold pieces
 72402 | Depths:1 | Learned a level 2 spell: Blink
 72406 | Depths:1 | Learned a level 3 spell: Portal Projectile
 72585 | Elf:1    | Entered Level 1 of the Elven Halls
 72667 | Elf:1    | Reached skill level 1 in Translocations
 72787 | Elf:1    | Reached **** piety under Makhleb
 73344 | Elf:1    | Paralysed by an air elemental for 1 turns
 73717 | Elf:2    | Noticed Saint Roka
 73744 | Elf:2    | Killed Saint Roka
 74189 | Elf:2    | Found a huge runed translucent gate.
 74189 | Elf:2    | Found a huge runed translucent gate.
 74196 | Elf:2    | Reached ***** piety under Makhleb
 74202 | Elf:2    | Found a huge runed translucent gate.
 74202 | Elf:2    | Found a huge runed translucent gate.
 74202 | Elf:2    | Found a huge runed translucent gate.
 74409 | Elf:2    | Identified the +0 robe "Xadwoll" {-Cast rElec Dex+2}
 74744 | Elf:2    | Noticed Agnes
 74748 | Elf:2    | Killed Agnes
 75079 | Elf:2    | Reached skill level 5 in Translocations
 75221 | Elf:3    | Entered Level 3 of the Elven Halls
 75575 | Elf:3    | Identified the +4 short sword of Hiek {elec, rElec rF+}
 75600 | Elf:3    | Paralysed by an air elemental for 1 turns
 75826 | Elf:3    | Found a runed translucent door.
 75826 | Elf:3    | Noticed SushiGirl's ghost (journeyman DECj)
 75886 | Elf:3    | Identified the +5 spear of Unreason {vamp, rPois}
 76068 | Elf:3    | Was forgiven by Okawaru
 76145 | Elf:3    | Identified the +8 war axe "Codwoh" {freeze, Contam rC+
                  | Str+4 Int+2}
 76187 | Elf:3    | Reached skill level 10 in Staves
 76190 | Elf:3    | Identified the +1 chain mail of Negiusuc {+Inv Will+}
 76216 | Elf:3    | Got the Volume of the Grue
 76233 | Elf:3    | Gained mutation: You are completely covered in sharp
                  | spines. [demonic ancestry]
 76233 | Elf:3    | Reached XP level 27. HP: 242/242 MP: 41/41
 76237 | Elf:3    | Identified the +10 hunting sling of the Hall of Blades
                  | {venom, rElec rF++ Str-5}
 76281 | Elf:3    | Identified the ring "Anuplota" {Wiz Will+ Str+2}
 76782 | Elf:3    | Killed SushiGirl's ghost
 77097 | Crypt:1  | Entered Level 1 of the Crypt
 77164 | Crypt:1  | Reached ****** piety under Makhleb
 78673 | Crypt:3  | Entered Level 3 of the Crypt
 79186 | Crypt:3  | HP: 10/241 [reaper[a doom hound] (17)]
 79636 | Crypt:3  | Found a staircase to the Tomb.
 79785 | Crypt:3  | Identified the +5 chain mail of the Grape {rN+ Will+ Str+6
                  | Int-3}
 79788 | Crypt:3  | Identified the +2 robe "Wanytash" {rElec rN+ Str+3 Dex-5}
 79788 | Crypt:3  | Identified the +5 longbow of Kunidgh {freeze, rPois MP-9
                  | Int+3 Dex+8}
 80245 | Crypt:3  | Found an ancient bone altar of Kikubaaqudgha.
 80245 | Crypt:3  | Found a basalt altar of Yredelemnul.
 80275 | Crypt:3  | Identified the +9 short sword of the Devouring Boar {venom,
                  | Fly rPois Dex-4}
 80320 | Crypt:3  | Identified the ring "Axzutsar" {rN+ rCorr Int+2 Stlth+}
 80320 | Crypt:3  | Identified the ring "Qugefuxt" {rPois rN+ rCorr Str+4}
 80777 | Pan      | Entered Pandemonium
 81508 | Pan      | Noticed Fihoqe the pandemonium lord
 81530 | Pan      | HP: 8/244 [Hell Sentinel/damnation (22)]
 81544 | Pan      | Killed Fihoqe the pandemonium lord
 82161 | Pan      | Entered the realm of Lom Lobon.
 82867 | Pan      | Reached skill level 10 in Translocations
 83139 | Pan      | Noticed Lom Lobon
 83828 | Pan      | Identified the +8 shortbow of Pontem {freeze, Drain Will+++
                  | rCorr Stlth+}
 84028 | Pan      | Killed Lom Lobon
 84103 | Pan      | Got a magical rune of Zot
 84372 | Pan      | Found an exit through the horrors of the Abyss.
 84389 | Pan      | Took an exit into the Abyss.
 84389 | Abyss:1  | Escaped into the Abyss
 84394 | Depths:2 | Escaped the Abyss
 84396 | Pan      | Entered Pandemonium
 84560 | Pan      | Identified the +5 ring mail of Monotheism {rN+ Stlth+}
 84942 | Pan      | Entered the realm of Mnoleg.
 85298 | Pan      | Gained mutation: Your spells are a little easier to cast,
                  | but a little less powerful. [a cacodemon]
 85714 | Pan      | Noticed Mnoleg
 85753 | Pan      | Killed Mnoleg
 85835 | Pan      | Gained mutation: You occasionally shout uncontrollably at
                  | your foes. [a neqoxec]
 85900 | Pan      | Got a glowing rune of Zot
 85973 | Pan      | Identified the +5 war axe of Arrival {venom, Fly Stlth+}
 86049 | Pan      | Lost mutation: Your spells are a little easier to cast, but
                  | a little less powerful. [a cacodemon]
 86109 | Pan      | Gained mutation: You are somewhat resistant to further
                  | mutation. [a neqoxec]
 86123 | Pan      | Gained mutation: You are frail. (-10% HP) [a cacodemon]
 86177 | Pan      | Lost mutation: You passively dampen the noise of your
                  | surroundings. [potion of mutation]
 86177 | Pan      | Lost mutation: You occasionally shout uncontrollably at
                  | your foes. [potion of mutation]
 86177 | Pan      | Lost mutation: You are frail. (-10% HP) [potion of
                  | mutation]
 86203 | Pan      | Reached skill level 27 in Invocations
 86240 | Pan      | Gained mutation: You are frail. (-10% HP) [a cacodemon]
 86286 | Pan      | Lost mutation: You are somewhat resistant to further
                  | mutation. [potion of mutation]
 86286 | Pan      | Lost mutation: You are frail. (-10% HP) [potion of
                  | mutation]
 86286 | Pan      | Gained mutation: You are robust. (+10% HP) [potion of
                  | mutation]
 86286 | Pan      | Lost mutation: You are robust. (+10% HP) [potion of
                  | mutation]
 86434 | Pan      | Found an exit through the horrors of the Abyss.
 86440 | Pan      | Took an exit into the Abyss.
 86440 | Abyss:1  | Escaped into the Abyss
 86639 | Abyss:2  | Found a corrupted altar of Lugonu.
 86652 | Depths:2 | Escaped the Abyss
 86654 | Pan      | Entered the realm of Gloorx Vloq.
 86654 | Pan      | Entered Pandemonium
 87676 | Pan      | Reached skill level 27 in Fighting
 88167 | Pan      | Noticed Gloorx Vloq
 88486 | Pan      | HP: 5/249 [Executioner[Gloorx Vloq] (17)]
 88698 | Pan      | Got a dark rune of Zot
 89034 | Pan      | Killed Gloorx Vloq
 89214 | Pan      | Gained mutation: You have hidden genetic defects. [a
                  | cacodemon]
 89428 | Pan      | Entered the realm of Cerebov.
 89528 | Pan      | Found an exit through the horrors of the Abyss.
 89927 | Pan      | Identified the +7 rapier "Vuiracek" {spect, *Noise rCorr
                  | Int+5 SInv}
 90012 | Pan      | Identified the +5 shortbow "Ochavizuth" {vorpal, rN+}
 90017 | Pan      | Identified the ring "Zyerenea" {Will+ rCorr Int+6 Dex+6
                  | Slay-4}
 90021 | Pan      | Identified the amulet "Gomekut" {RegenMP *Slow +Inv rPois}
 90299 | Pan      | Found the +6 sword of Cerebov {flame}
 90299 | Pan      | Noticed Cerebov
 90362 | Pan      | HP: 11/249 [sun demon (7)]
 90374 | Pan      | Killed from afar by Cerebov

Illustrated notes

Levels and vault maps discovered:
D:1:      tarquinn_simple_flora_water_a, layout_basic, dk_noncrumbling_2
D:2:      layout_basic, nicolae_ecumenical_pavilion, corner_web_ring,
          uniq_terence
D:3:      layout_rooms, grunt_temple_overflow_bloody_war,
          mainiacjoe_overflow_paths, grunt_decor_arrowhead
D:4:      layout_basic, lightli_temple_of_fire, kennysheep_generic_room_3
D:5:      layout_gridville, nicolae_shop_unique_rings, nicolae_shop_firing_range
D:6:      layout_basic, lemuel_tele_altar, serial_shops, nicolae_diamond_shop
D:7:      layout_loops_ring, temple_doors_e
D:8:      layout_cave_pools, minmay_crystal_water, uniq_maurice
D:9:      cheibrodos_wizards_tower, layout_layer_cave,
          mainiacjoe_overflow_tiny_flanked, mainiacjoe_overflow_surrounded_room
D:10:     layout_basic, lemuel_round_altar, dpeg_oklobed_lair, uniq_grum
D:11:     layout_basic, uniq_psyche
D:12:     layout_cave_pods, erik_orc_2, lightli_elemental_guards, uniq_frances
D:13:     layout_layer_cave, grunt_vaults_entry_tiered, serial_shops,
          nicolae_shop_advertising_works [nicolae_subvault_shop_adworks]
D:14:     layout_grid_maze, serial_shops, nicolae_inconvenience_store,
          gammafunk_ghost_stat_death, enter_trove_5
D:15:     hangedman_depths_entry_civil_slaughter, layout_long_grid,
          nicolae_dithmenos_shadow_blocks
Lair:1:   layout_chaotic_city, maelrawn_ghost_gauntlet_escape,
          grunt_forest_small_clearings, grunt_megastairs_5
Lair:2:   layout_roguey, nicolae_spider_entry_non_spiders, minmay_holes
Lair:3:   layout_hall_layers, minmay_shoals_entry_centaurs, grunt_megastairs_1
Lair:4:   layout_loops_ring, serial_bayou_shore_b, uniq_josephine
Lair:5:   layout_regular_city, slime_altar_1, uniq_urug
Lair:6:   grunt_lair_end_beastmaster, layout_regular_city,
          portal_ice_cave_entry_ice_simulacra, lemuel_centaur_altar
Shoals:1: layout_shoals, nicolae_shoals_loop_pool
Shoals:2: layout_shoals
Shoals:3: layout_shoals, lightli_airlock
Shoals:4: shoals_end_grunt_ice, layout_shoals, shoal_ilsuiw
Spider:1: nicolae_spider_hilbert_zone_2 [nicolae_spider_hilbert_4_sides_1_open,
          nicolae_spider_hilbert_4_sides_1_open,
          nicolae_spider_hilbert_4_sides_1_open,
          nicolae_spider_hilbert_4_sides_1_open,
          nicolae_spider_hilbert_6_sides_1_open,
          nicolae_spider_hilbert_6_sides_1_open,
          nicolae_spider_hilbert_3_sides_1_open,
          nicolae_spider_hilbert_3_sides_1_open,
          nicolae_spider_hilbert_3_sides_1_open,
          nicolae_spider_hilbert_3_sides_1_open,
          nicolae_spider_hilbert_6_sides_1_open,
          nicolae_spider_hilbert_6_sides_1_open,
          nicolae_spider_hilbert_6_sides_1_open,
          nicolae_spider_hilbert_6_sides_1_open], drop_trap,
          nicolae_spider_orb_run, uniq_roxanne
Spider:2: spiders_nest_scorpion_pit, drop_trap, nicolae_spider_cling_halls,
          uniq_nikola
Spider:3: layout_spider_delve, nicolae_spider_rock_and_or_roll
Spider:4: grunt_spider_rune_circles, ebering_ghost_reflecting_pool,
          nicolae_spider_webs_and_nodes, drop_trap
Slime:1:  layout_caves
Slime:2:  layout_caves, uniq_dissolution
Slime:3:  layout_caves, dissolution_awaits
Slime:4:  layout_caves
Slime:5
Orc:1:    layout_caves, serial_shops, nicolae_shop_bloodbath_and_beyond,
          mines_bat_river, uniq_erica
Orc:2:    st_orc_mages, layout_diamond_mine, nooodl_orcs_dogs
Elf:1:    eino_elf_arrival_customs, layout_gridlike,
          hangedman_elven_crosses_minicolossus, grunt_megastairs_3
Elf:2:    elven_hall_of_blades_hangedman_alternative
          [nicolae_blade_entry_area_security], layout_onion_city,
          lemuel_upstairs_altar, uniq_agnes, uniq_saint_roka
Elf:3:    grunt_elf_hall_spiral, layout_geoelf_diagonals,
          ebering_ghost_inner_flame
Vaults:1: hangedman_vaults_variations, vaults_dpeg_spiral, gammafunk_its_a_trap,
          grunt_vaults_hallway_short, vaults_mumra_hex, nicolae_vaults_alarming,
          vaults_room_pools, layout_vaults_chaotic_city, uniq_asterion
Vaults:2: mu_enter_wizlab_6, minmay_crypt_entry_skeletal_spiral,
          nicolae_vaults_little_squares_3, v_misc_32, v_misc_5,
          nicolae_vaults_circle_grid_a, vaults_dpeg_diagonal,
          vaults_room_door_ring, layout_vaults_omnigrid, serial_shops,
          nicolae_shop_hallway_stairs
Vaults:3: v_misc_22, vaults_room_fours, hangedman_vaults_hat,
          nicolae_vaults_diagonal_hallway_7, v_misc_18, v_misc_22,
          ontoclasm_vaults_ring_large, v_pattern_5, vaults_standard_mumra_lines,
          v_alt_pattern_5, layout_vaults_maze_snakey
Vaults:4: ontoclasm_vaults_fault, vaults_room_fancy_cross,
          nicolae_vaults_little_squares_4, nicolae_vaults_twisting_passages,
          st_cells, nicolae_vaults_little_squares_6, hangedman_vaults_impose,
          v_misc_33, nicolae_vaults_border_crossing, grunt_vaults_hallway_long,
          nicolae_vaults_what_the_h, v_misc_11, hangedman_vaults_slice,
          layout_vaults_omnibox
Vaults:5
Crypt:1:  layout_chaotic_city
Crypt:2:  layout_basic, lemuel_elevator
Crypt:3:  lightli_unholy_cathedral, layout_chaotic_city,
          tomb_entry_pyramid_bobbens, minivault_5, beargit_elvish_explorers
Depths:1: layout_cave_pools, hell_entry, nicolae_wu_jian_immortal_techniques,
          special_room [special_room_jelly], st_stairs_14, evilmike_butchery,
          minmay_shop_grove
Depths:2: minmay_nested_s, layout_cave_pools, enter_ziggurat_f,
          abyss_entry_crystal, kennysheep_minor_cross, hell_entry, serial_shops,
          kennysheep_little_box, grunt_pan_entry_sceptre, uniq_enchantress
Depths:3: minmay_four_inscribed_fans, layout_gridlike, hell_entry,
          abyss_entry_glasseish, nicolae_qazlal_general_emergency,
          nrook_campfire, item_on_display_a
Depths:4: grunt_zot_entry_alcove, layout_gridville, pan_entry,
          pf_hell_entry_tar_river, minmay_misc_feat_encased,
          hangedman_decor_points, tgw_trog
Hell
Zot:1:    layout_cathedral_of_symmetry
Pan:      evilmike_mini_pan_doors_b, layout_small_grid, pan_blood_fountain_2,
          pan_blood_fountain_small, grunt_pan_sceptre, layout_grid_shapes,
          pan_blood_fountain_small, nicolae_pan_cerebovesque_3, pan_disco_hall,
          layout_rooms, lom_lobon, layout_chambers, grunt_pan_zigzag,
          layout_gridlike, pan_blood_fountain_small, rand_demon_9, layout_basic,
          pan_blood_fountain, mnoleg, layout_gridlike,
          evilmike_mini_pan_doors_b, layout_small_grid,
          gloorx_vloq_grunt_torture_chamber, layout_chambers,
          evilmike_mini_pan_pillars, layout_small_grid, pan_blood_fountain,
          pan_blood_fountain_small, nicolae_pan_mnolegish_4,
          cerebov_grunt_fire_and_steel, layout_pan_divisions_a
          [pan_division_quadrant_a2, pan_division_quadrant_a3,
          pan_division_quadrant_a4, pan_division_quadrant_a6,
          pan_division_octagon_box]

Skill      XL: |  1  2  3  4  5  6  7  8  9 10 11 12 13 14 15 16 17 18 19 20 21 22 23 24 25 26 27 |
---------------+----------------------------------------------------------------------------------+-----
Fighting       | 3 4 5 6 7 8 9 10 11 14 16 19 21 23 25 27 | 27.0
Evocations     | 2 3 4 |  4.0
Throwing       | 2 |  2.0
Armour         | 1 3 4 5 10 13 15 16 17 19 20 | 20.7
Invocations    | 2 3 4 9 11 12 14 18 22 27 | 27.0
Crossbows      | 4 7 11 13 15 17 18 19 21 22 24 26 | 26.0
Dodging        | 6 10 12 13 | 13.0
Spellcasting   | 1 5 10 | 10.1
Staves         | 10 14 | 14.0
Translocations | 5 10 | 10.0
Axes           | |  2.6

Action                   |  1- 3 |  4- 6 |  7- 9 | 10-12 | 13-15 | 16-18 | 19-21 | 22-24 | 25-27 || total
-------------------------+-------+-------+-------+-------+-------+-------+-------+-------+-------++-------
Melee: War axe           |    80 |   153 |   133 |   132 |   138 |    23 |    25 |       |       ||   684
       Punch             |       |     2 |     2 |     2 |     1 |     2 |       |       |       ||     9
       Dagger            |       |    14 |    27 |       |       |       |       |       |       ||    41
       Quarterstaff      |       |       |    77 |       |       |       |       |       |       ||    77
       Tailslap          |       |       |    42 |    23 |    20 |     2 |     6 |     2 |   373 ||   468
       Arbalest          |       |       |       |       |       |     1 |       |       |       ||     1
       Broad axe         |       |       |       |       |       |       |       |    17 |       ||    17
       Triple crossbow   |       |       |       |       |       |       |       |       |     3 ||     3
       Lajatang          |       |       |       |       |       |       |       |       |  1228 ||  1228
 Fire: Arbalest          |       |       |    45 |   427 |  1057 |   637 |  1442 |  1656 |       ||  5264
       Triple crossbow   |       |       |       |       |       |       |       |   163 |  1765 ||  1928
Throw: Throwing net      |     1 |     4 |       |       |       |       |       |       |       ||     5
 Cast: Portal Projectile |       |       |       |       |       |       |       |       |    19 ||    19
       Blink             |       |       |       |       |       |       |       |       |    16 ||    16
Invok: Heroism           |       |       |     4 |    15 |    13 |     9 |    12 |    10 |     2 ||    65
       Finesse           |       |       |       |       |     3 |     5 |     4 |     3 |     2 ||    17
       Duel              |       |       |       |       |       |       |     2 |       |       ||     2
       Greater Servant o |       |       |       |       |       |       |       |       |     5 ||     5
Evoke: Wand              |       |       |       |     3 |    13 |     7 |     2 |     4 |     8 ||    37
       Condenser vane    |       |       |       |       |     4 |     3 |     2 |     3 |     3 ||    15
       Tin of tremorston |       |       |       |       |     1 |       |     4 |     7 |     2 ||    14
       Lightning rod     |       |       |       |       |       |       |     2 |     4 |       ||     6
       Box of beasts     |       |       |       |       |       |       |       |       |     2 ||     2
       Phantom mirror    |       |       |       |       |       |       |       |       |     1 ||     1
  Use: Scroll            |       |       |     9 |    13 |    10 |     4 |    10 |    20 |    35 ||   101
       Potion            |       |       |       |     1 |     5 |     3 |     9 |     1 |    20 ||    39
 Stab: Sleeping          |     1 |       |       |       |       |       |       |       |       ||     1
       Distracted        |       |       |       |       |       |       |       |       |    27 ||    27
Armor: Leather armour    |    11 |       |       |       |       |       |       |       |       ||    11
       Scale mail        |    28 |    92 |   128 |   205 |       |       |       |       |       ||   453
       Chain mail        |       |       |       |    98 |   554 |   166 |   509 |   293 |       ||  1620
       Shadow dragon sca |       |       |       |       |       |       |       |    68 |       ||    68
       Gold dragon scale |       |       |       |       |       |       |       |    40 |  1384 ||  1424
Dodge: Dodged            |    62 |   103 |   153 |   301 |   488 |   272 |   764 |   711 |  1764 ||  4618
